 Dungeon Crawl Stone Soup version 0.26.1-10-gdfb7c7de75 (webtiles) character file.

Game seed: 17363511278328874859

7634 tardwrangler69 the Slicer (level 11, -7/63 HPs)
             Began as a Vine Stalker Fighter on Apr 7, 2021.
             Was a High Priest of Uskayaw.
             Mangled by a cyan very ugly thing (10 damage)
             ... on level 1 of the Abyss.
             The game lasted 00:11:06 (7688 turns).

tardwrangler69 the Slicer (Vine Stalker Fighter)    Turns: 7688, Time: 00:11:06

Health: -7/63      AC: 10    Str: 22    XL:     11   Next: 18%
Magic:  0/12       EV:  8    Int:  8    God:    Uskayaw [*****.]
Gold:   560        SH:  7    Dex: 14    Spells: 10/10 levels left

rFire    . . .     SeeInvis .   y - +1 short sword (drain)
rCold    + . .     Faith    .   q - +2 buckler
rNeg     . . .     Spirit   +   D - +0 plate armour
rPois    .         Reflect  .   C - +1 helmet
rElec    .         Harm     .   K - scarf {repulsion}
rCorr    .         Rampage  .   (no gloves)
Will     ++...                  (no boots)
Stlth    ..........             e - amulet of regeneration
HPRegen  1.00/turn              w - ring of protection from cold
MPRegen  0.13/turn              v - ring of willpower

@: mighty, corroded, repel missiles
A: fangs 3, regeneration 1, magic shield, antimagic bite, no potion heal 3
a: Renounce Religion, Stomp, Line Pass, Grand Finale


You were on level 1 of the Abyss.
You worshipped Uskayaw.
Uskayaw was noncommittal.
You visited 2 branches of the dungeon, and saw 10 of its levels.
You visited the Abyss 1 time.
You also visited: Sewer.

You collected 820 gold pieces.
You spent 260 gold pieces at shops.

Inventory:

Hand Weapons
 a - a +0 rapier
 j - a +2 vampiric dagger
 y - a +1 short sword of draining (weapon)
Armour
 c - a +0 kite shield
 q - a +2 buckler (worn)
 C - a +1 helmet (worn)
 D - a +0 plate armour (worn)
 K - a scarf of repulsion (worn)
Jewellery
 e - an amulet of regeneration (around neck)
 v - a ring of willpower (right hand)
 w - a ring of protection from cold (left hand)
 N - an uncursed amulet of faith {unknown}
Wands
 b - a wand of polymorph (10)
 J - a wand of iceblast (10)
 O - a wand of flame (19)
Scrolls
 f - 6 scrolls of teleportation {unknown}
 h - 13 scrolls of identify {unknown}
 k - 6 scrolls of remove curse {unknown}
 s - a scroll of immolation {unknown}
 u - 3 scrolls of magic mapping {unknown}
 z - 3 scrolls of fog {unknown}
 A - a scroll of amnesia {unknown}
 E - a scroll of vulnerability {unknown}
 G - a scroll of blinking {unknown}
 H - a scroll of fear {unknown}
 I - 2 scrolls of noise {unknown}
 L - a scroll of enchant armour {unknown}
 M - a scroll of holy word {unknown}
Potions
 d - 3 potions of might
 g - 5 potions of flight {unknown}
 i - 3 potions of mutation {unknown}
 l - 5 potions of lignification {unknown}
 m - 7 potions of curing {unknown}
 n - 3 potions of brilliance {unknown}
 o - 3 potions of haste
 p - 3 potions of heal wounds
 r - 2 potions of attraction {unknown}
 t - a potion of ambrosia {unknown}
 x - 2 potions of degeneration {unknown}
 B - a potion of resistance {unknown}
 F - a potion of magic {unknown}


   Skills:
 - Level 10.1 Fighting
 - Level 10.1 Short Blades
 + Level 4.7 Armour
 + Level 3.8 Dodging
 - Level 4.0 Shields


You had 10 spell levels left.
You didn't know any spells.
Your spell library was empty.

Dungeon Overview and Level Annotations

Branches:
Dungeon (9/15)             Temple (1/1) D:7           Sewer (visited)
   Lair: D:8-11         Orc: D:9-12

Altars:
Ashenzari
Dithmenos
Fedhas
Gozag
Hepliaklqana
Kikubaaqudgha
Makhleb
Nemelex Xobeh
Okawaru
Qazlal
Ru
Sif Muna
Trog
Uskayaw
Vehumet
Wu Jian
Xom
Yredelemnul
Zin

Shops:
D:6 [   D:7 *

Annotations:
D:8 exclusion: downstairs
D:9 Psyche


Innate Abilities, Weirdness & Mutations

You have razor-sharp teeth.
Your natural rate of healing is unusually fast.
When hurt, damage is shared between your health and your magic reserves.
Your bite disrupts and absorbs the magic of your enemies.
Potions cannot restore your health.


Message History

Your bite misses the cyan very ugly thing.
The cyan very ugly thing is severely wounded.
You hit the cyan very ugly thing but do no damage.
You bite the cyan very ugly thing. You drain its power.
The cyan very ugly thing is severely wounded.
The cyan very ugly thing stings you! The cyan very ugly thing shocks you!!
* * * LOW HITPOINT WARNING * * *
You hit the cyan very ugly thing. You drain the cyan very ugly thing.
Your bite misses the cyan very ugly thing.
The cyan very ugly thing is severely wounded.
The cyan very ugly thing closely misses you.
You closely miss the cyan very ugly thing.
You bite the cyan very ugly thing! You drain its power.
You feel invigorated.
The cyan very ugly thing is almost dead.
You hit the cyan very ugly thing. You drain the cyan very ugly thing.
The cyan very ugly thing is almost dead.
The cyan very ugly thing stings you!
* * * LOW HITPOINT WARNING * * *
The cyan very ugly thing shocks you!
You die...

.. . .#. . ..#
. ..#. #.# ##.
.# ##. # # .
....# ## ..
..### . .# # .
##..# #.###.#
#.#..#......#.#
. . .#..#...#
#### ###..# . .
. #u@.## #
##..#### #..#
#.


You could see a cyan very ugly thing (drained).

Vanquished Creatures
  A very ugly thing (Abyss:1)
  Harold (D:9)
  A two-headed ogre (D:8)
  Prince Ribbit (D:5)
  6 yaks
  4 orc warriors
  Duvessa (D:4)
  2 sky beasts (D:6)
  A black bear (D:8)
  2 ice beasts (D:6)
  A necrophage (D:8)
  2 ogres (D:8)
  3 phantoms
  3 centaurs
  8 bullfrogs
  A wyvern zombie (D:6)
  A gnoll sergeant (D:8)
  Dowan (D:4)
  4 killer bees (D:8)
  4 howler monkeys
  2 bullfrog zombies (D:5)
  A quasit (D:6)
  2 centaur zombies
  3 jellies
  Crazy Yiuf (D:7)
  A centaur skeleton (D:6)
  3 hounds
  4 orc priests
  9 orc wizards
  2 iguanas (D:7)
  9 worker ants
  A hound zombie (D:6)
  A hound skeleton (D:8)
  A mummy (D:5)
  A worker ant zombie (D:5)
  7 gnolls
  A howler monkey skeleton (D:9)
  11 adders
  4 river rats
  6 white imps
  2 ufetubi
  3 oozes
  An adder zombie (D:5)
  2 adder skeletons
  3 worms
  2 dart slugs
  9 leopard geckos
  31 orcs
  13 ball pythons
  6 bats
  10 giant cockroaches
  9 goblins
  8 hobgoblins
  11 jackals
  6 kobolds
  2 quokkas
  8 frilled lizards
  A hobgoblin zombie (D:5)
  4 leopard gecko skeletons
  A leopard gecko zombie (D:6)
  3 orc zombies (D:5)
  32 rats
285 creatures vanquished.

Notes
Turn   | Place    | Note
-------+----------+-------------------------------------------
     0 | D:1      | tardwrangler69 the Vine Stalker Fighter began the quest for
                  | the Orb.
     0 | D:1      | Reached XP level 1. HP: 11/11 MP: 2/2
   105 | D:1      | Reached XP level 2. HP: 16/16 MP: 3/3
   422 | D:1      | Reached XP level 3. HP: 19/19 MP: 4/4
   889 | D:2      | Gained mutation: Your natural rate of healing is unusually
                  | fast. [Vine Stalker growth]
   889 | D:2      | Reached XP level 4. HP: 24/24 MP: 5/5
  1202 | D:2      | Found a broken altar of Ashenzari.
  1583 | D:3      | Reached XP level 5. HP: 29/29 MP: 6/6
  1717 | D:3      | Noticed a centaur
  1728 | D:3      | Killed a centaur
  1729 | D:3      | Reached XP level 6. HP: 15/34 MP: 5/7
  1834 | D:3      | Found a sparkling altar of Nemelex Xobeh.
  2554 | D:4      | Noticed a phantom
  2593 | D:4      | Killed a phantom
  2594 | D:4      | Reached skill level 5 in Fighting
  2594 | D:4      | Reached skill level 5 in Short Blades
  2594 | D:4      | Reached XP level 7. HP: 31/39 MP: 8/8
  2975 | D:5      | Entered Level 5 of the Dungeon
  2975 | D:5      | Noticed Duvessa
  2975 | D:5      | Noticed Dowan
  3045 | D:4      | Killed Duvessa
  3046 | D:4      | Killed Dowan
  3394 | D:5      | Gained mutation: You have razor-sharp teeth. [Vine Stalker
                  | growth]
  3394 | D:5      | Reached XP level 8. HP: 44/44 MP: 9/9
  3481 | D:5      | Noticed Prince Ribbit
  3488 | D:5      | Killed Prince Ribbit
  4058 | D:6      | Reached XP level 9. HP: 49/50 MP: 10/10
  4145 | D:6      | Found a glowing drain.
  4257 | Sewer    | Entered a sewer
  4751 | D:6      | Found Taofacs's Antique Armour Shoppe.
  5194 | D:6      | Bought a runed scarf for 208 gold pieces
  5347 | D:7      | Found a staircase to the Ecumenical Temple.
  5378 | D:7      | Found Futim's Assorted Antiques.
  5386 | D:7      | Bought a scroll labelled MEODOICZY MOPT for 26 gold pieces
  5386 | D:7      | Bought a scroll labelled FIETAH PUAWEL for 26 gold pieces
  5410 | Temple   | Entered the Ecumenical Temple
  5435 | Temple   | Became a worshipper of Uskayaw the Reveller
  5502 | D:7      | Reached * piety under Uskayaw
  5701 | D:7      | Found a runed translucent door.
  5702 | D:7      | Noticed Crazy Yiuf
  5712 | D:7      | Killed Crazy Yiuf
  5780 | D:8      | Reached ** piety under Uskayaw
  5788 | D:8      | Reached *** piety under Uskayaw
  5864 | D:8      | Reached **** piety under Uskayaw
  5925 | D:8      | Reached ***** piety under Uskayaw
  5929 | D:8      | Reached XP level 10. HP: 31/58 MP: 9/11
  6265 | D:8      | Found a bloodstained altar of Trog.
  6273 | D:8      | Found a blossoming altar of Fedhas.
  6480 | D:8      | Found a burning altar of Makhleb.
  6596 | D:9      | Found a shadowy altar of Dithmenos.
  6596 | D:9      | Noticed Harold
  6596 | D:9      | Noticed a two-headed ogre
  6610 | D:8      | Killed a two-headed ogre
  6818 | D:8      | Reached skill level 10 in Fighting
  6818 | D:8      | Reached skill level 10 in Short Blades
  7341 | D:9      | Reached skill level 1 in Dodging
  7430 | D:9      | Killed Harold
  7585 | D:9      | Reached XP level 11. HP: 63/63 MP: 12/12
  7599 | D:9      | Noticed Psyche
  7615 | D:9      | Cast into level 1 of the Abyss (Psyche)
  7644 | Abyss:1  | Noticed a wretched star
  7661 | Abyss:1  | Noticed a cyan ugly thing
  7661 | Abyss:1  | Noticed a cyan very ugly thing
  7663 | Abyss:1  | Noticed a cyan very ugly thing
  7675 | Abyss:1  | Killed a cyan very ugly thing
  7688 | Abyss:1  | HP: 3/63 [cyan very ugly thing (5)]
  7688 | Abyss:1  | Mangled by a cyan very ugly thing

Illustrated notes

Levels and vault maps discovered:
D:1:      dpeg_arrival_houses_and_road, layout_rooms, nrook_campfire
D:2:      layout_basic, evilmike_ruin_ashenzari
D:3:      layout_rooms, nemelex_altar_shiori, chequers_serial_rivers_marsh
D:4:      minmay_polygon_palace, layout_basic
D:5:      layout_loops_ring, minmay_mini_ossuary, uniq_duvessa,
          uniq_prince_ribbit1
D:6:      layout_gridville, serial_shops, nicolae_shop_crystal,
          gup_sewer_entry_spiral
D:7:      layout_cave_pools, temple_statues, serial_shops, shop,
          uniq_crazy_yiuf_cottage
D:8:      layout_loops_cross, amethyst_overflow_temple_binary,
          makhleb_blood_cavern_becter
D:9:      layout_long_grid, grunt_dithmenos_smoke,
          chequers_temple_overflow_statue_of_worship, uniq_psyche, uniq_harold,
          uniq_pikel, uniq_maurice
Temple:   minmay_freezing_vapour_temple
Abyss:1:  base: D:1, evilmike_abyss_exit_2

Skill      XL: |  1  2  3  4  5  6  7  8  9 10 11 |
---------------+----------------------------------+-----
Short Blades   | 2 3 4 5 7 9 10 | 10.1
Fighting       | 3 4 5 7 9 10 | 10.1
Shields        | 3 4 |  4.0
Dodging        | 2 3 |  3.8
Armour         | 3 4 |  4.7

Action                   |  1- 3 |  4- 6 |  7- 9 | 10-12 || total
-------------------------+-------+-------+-------+-------++-------
Melee: Rapier            |    77 |       |       |       ||    77
       Bite              |    31 |    66 |   167 |    90 ||   354
       Dagger            |    18 |   215 |    14 |   125 ||   372
       Short sword       |       |       |   544 |   106 ||   650
  Use: Potion            |       |       |     2 |     2 ||     4
 Stab: Paralysed         |       |       |     4 |     9 ||    13
Armor: Scale mail        |    49 |    72 |    35 |       ||   156
       Plate armour      |       |       |   270 |    73 ||   343
Dodge: Dodged            |    29 |    44 |   157 |    27 ||   257
       Repelled          |       |       |       |     1 ||     1
Block: Kite shield       |    42 |    53 |       |       ||    95
       Buckler           |       |    13 |   186 |    50 ||   249
